 Dungeon Crawl Stone Soup version 0.31.0-10-gcf4a605ca0 (webtiles) character file.

Game seed: 3092428410480092216

410 BeingJoeMalik the Poker (level 6, 0/32 HPs)
             Began as a Vine Stalker Fighter on Jan 25, 2024.
             Was an Initiate of Dithmenos.
             Slain by Pikel
             ... wielding a +2 whip of freezing
              (4 damage)
             ... on level 3 of the Dungeon.
             The game lasted 00:07:38 (3087 turns).

BeingJoeMalik the Poker (Vine Stalker Fighter)      Turns: 3087, Time: 00:07:40

Health: 0/32       AC: 12    Str: 26    XL:     6   Next: 89%
Magic:  0/7        EV:  9    Int:  8    God:    Dithmenos [......]
Gold:   192        SH:  4    Dex: 14    Spells: 5/5 levels left

rFire   . . .        a - +0 trident
rCold   . . .        c - +0 buckler
rNeg    . . .        b - +0 scale mail
rPois   .            v - +2 hat
rElec   .            (no cloak)
rCorr   .            m - +0 pair of gloves
SInv    .            n - +2 pair of boots
Will    .....        (no amulet) Stlth
                     j - +6 ring of strength
HPRegen 1.05/turn    (no ring)
MPRegen 0.10/turn

%: guardian spirit
@: no status effects
A: fangs 2, regeneration 1, magic shield, antimagic bite, no potion heal 2
a: Renounce Religion


You were on level 3 of the Dungeon.
You worshipped Dithmenos.
Dithmenos was noncommittal.
You visited 1 branch of the dungeon, and saw 4 of its levels.

You collected 192 gold pieces.

Inventory:

Hand Weapons
 a - a +0 trident (weapon)
Missiles
 p - 10 boomerangs
 q - a throwing net
 w - 2 poisoned darts (quivered)
Armour
 b - a +0 scale mail (worn)
 c - a +0 buckler (worn)
 m - a +0 pair of gloves (worn)
 n - a +2 pair of boots (worn)
 v - a +2 hat (worn)
Jewellery
 j - a +6 ring of strength (left hand)
Wands
 t - a wand of flame (17)
Scrolls
 e - a scroll of vulnerability
 l - 2 scrolls of teleportation
 o - a scroll of blinking
Potions
 d - a potion of might
 f - 2 potions of haste
 g - a potion of lignification {unknown}
 h - a potion of mutation {unknown}
 i - a potion of invisibility {unknown}


   Skills:
 - Level 2.6 Fighting
 + Level 6.5 Polearms
 - Level 2.4 Armour
 - Level 2.6 Shields


You had 5 spell levels left.
You didn't know any spells.
Your spell library contained the following spells:

 Spells                   Type           Power      Damage    Failure   Level
 Dazzling Flash           Conj/Hex       0%         N/A       98%         3
 Ozocubu's Armour         Ice            0%         N/A       98%         3
 Volatile Blastmotes      Fire/Tloc      0%         2d10      98%         3
 Metabolic Englaciation   Hex/Ice        0%         N/A       100%        5
 Sculpt Simulacrum        Ice/Alch       0%         N/A       100%        6
 Starburst                Conj/Fire      0%         6d3       100%        6
 Maxwell's Capacitive Co  Air            0%         ∞         100%        8


Dungeon Overview and Level Annotations

Branches:
Dungeon (4/15)
 Temple: D:4-7

Altars:
Dithmenos
Gozag
Wu Jian
Xom
Zin

Annotations:
D:3 Pikel


Innate Abilities, Weirdness & Mutations

You have extremely sharp teeth.
Your natural rate of healing is unusually fast.
When hurt, damage is shared between your health and your magic reserves.
Your bite disrupts and absorbs the magic of your enemies.
Potions cannot restore your health.


Message History

Pikel barely misses you.
You completely miss Pikel.
Pikel is lightly wounded.
Pikel hits you with a +2 whip of freezing.
Pikel freezes you.
You hit Pikel but do no damage.
Pikel is lightly wounded.
You block Pikel's attack.
You hit Pikel.
Pikel is lightly wounded.
You hit Pikel. Your bite misses Pikel.
Pikel is moderately wounded.
Pikel hits you with a +2 whip of freezing.
Pikel freezes you.
You puncture Pikel!
Pikel is heavily wounded.
Pikel hits you but does no damage.
You barely miss Pikel.
Pikel is heavily wounded.
Pikel hits you with a +2 whip of freezing.
Pikel freezes you.
You hit Pikel. Your bite misses Pikel.
Pikel is severely wounded.
Pikel closely misses you.
You hit Pikel.
Pikel is severely wounded.
Pikel hits you with a +2 whip of freezing.
Pikel freezes you.
You are too injured to fight recklessly!
You hit Pikel but do no damage.
Pikel is severely wounded.
Pikel hits you with a +2 whip of freezing.
Pikel freezes you.
You hit Pikel.
Pikel is almost dead.
Pikel hits you with a +2 whip of freezing!
* * * LOW HITPOINT WARNING * * *
Pikel freezes you.
You die...
Pikel says, "Another soul for the market."

###.#.............##...#....
#.....#........#...#...#.8.#
####.....####.####........#####
#........# #.................#
###.##.....#
####..............#
....##.....# #.#............#
.#######.### #........##.####
.# #.....# #####>..........# #
.# #.##### #..@K........#### #
.# #.# #.###.#.....## # (# #.#
#.# #....>..# # ####.## #<#
####.##.# # ......# #.# #.##.#
# ####..# #.# #.##.# #
#..###### #.# #.##.#### #
#.......###.# #.##....# ### #
#...........######.#####.# #..


You could see Pikel.

Vanquished Creatures
  A phantom (D:3)
  A lemure (D:3)
  Blork the orc (D:4)
  A scorpion (D:4)
  A bombardier beetle (D:4)
  Robin (D:2)
  3 gnolls (D:3)
  4 adders
  2 dart slugs
  2 ribbon worms
  2 orcs (D:3)
  8 ball pythons
  4 bats
  10 endoplasms
  5 giant cockroaches
  14 goblins
  8 hobgoblins
  3 jackals (D:3)
  4 kobolds
  6 quokkas
  2 frilled lizards
  3 rats (D:2)
  A spectral goblin (D:1)
87 creatures vanquished.

Notes
Turn   | Place    | Note
-------+----------+-------------------------------------------
     0 | D:1      | BeingJoeMalik the Vine Stalker Fighter began the quest for
                  | the Orb.
     0 | D:1      | Reached XP level 1. HP: 11/11 MP: 2/2
    49 | D:1      | Found a faded altar of an unknown god.
    78 | D:1      | Reached skill level 2 in Polearms
   219 | D:1      | Reached XP level 2. HP: 16/16 MP: 3/3
   560 | D:1      | Reached skill level 3 in Polearms
   562 | D:1      | Reached XP level 3. HP: 18/19 MP: 4/4
  1116 | D:2      | Reached XP level 4. HP: 23/23 MP: 5/5
  1238 | D:2      | Identified the +4 falchion of Proximity {freeze, *Slow
                  | Str+3}
  1561 | D:2      | Noticed Robin
  1586 | D:2      | Reached skill level 4 in Polearms
  1622 | D:2      | Killed Robin
  1829 | D:3      | Found a shimmering altar of Xom.
  1892 | D:3      | Found an opulent altar of Gozag.
  1985 | D:3      | Reached XP level 5. HP: 27/27 MP: 6/6
  2278 | D:3      | Found an ornate altar of the Wu Jian Council.
  2410 | D:3      | Reached skill level 5 in Polearms
  2688 | D:4      | Noticed a phantom
  2705 | D:4      | Noticed Blork the orc
  2720 | D:3      | Killed a phantom
  2721 | D:3      | Reached XP level 6. HP: 32/32 MP: 7/7
  2737 | D:4      | Killed Blork the orc
  2738 | D:4      | Reached skill level 6 in Polearms
  2751 | D:4      | Found a shadowy altar of Dithmenos.
  2778 | D:4      | Found a glowing silver altar of Zin.
  2797 | D:4      | Became a worshipper of Dithmenos the Shadowed
  3034 | D:4      | Noticed Pikel
  3087 | D:3      | Slain by Pikel

Illustrated notes

Levels and vault maps discovered:
D:1:      dpeg_arrival_pits, layout_loops_corners,
          dreamdust_ecumenical_altar_drowned_temple
D:2:      layout_basic, serial_bayou_pond_e, corexii_shack, minmay_between,
          uniq_robin
D:3:      layout_loops_ring, lemuel_tele_altar,
          nicolae_wu_jian_immortal_techniques, nicolae_gozag_seed_capital,
          dreamdust_princess_corridor, minmay_pentomino_pile
D:4:      black_bear_nest_2, layout_layer_cave, general_overflow_altar,
          mainiacjoe_overflow_tiny_flanked, uniq_pikel, uniq_blork_the_orc

Skill      XL: |  1  2  3  4  5  6 |
---------------+-------------------+-----
Polearms       | 2 3 4 5 6 |  6.5
Fighting       | |  2.6
Armour         | |  2.4
Shields        | |  2.6

Action                     |  1- 3 |  4- 6 || total
---------------------------+-------+-------++-------
  Melee: Trident           |    73 |   184 ||   257
         Bite              |     5 |    30 ||    35
    Use: Scroll            |       |     9 ||     9
 Armour: Scale mail        |    25 |    93 ||   118
  Dodge: Dodged            |    14 |    51 ||    65
  Block: Buckler           |     8 |    24 ||    32
